 Dungeon Crawl Stone Soup version 0.30-a0-782-ge64f9170bb (webtiles) character file.

Game seed: 4548712849824740542

111 Barriton the Conjurer (level 4, -3/33 HPs)
             Began as a Draconian Conjurer on Mar 7, 2023.
             Slain by a phantom (6 damage)
             ... on level 4 of the Dungeon.
             The game lasted 00:04:48 (2505 turns).

Barriton the Conjurer (Draconian Conjurer)          Turns: 2505, Time: 00:04:48

Health: -3/33      AC:  5    Str:  9    XL:     4   Next: 62%
Magic:  2/7        EV: 12    Int: 20    God:
Gold:   205        SH:  5    Dex: 10    Spells: 5/8 levels left

rFire   . . .      SeeInvis .    j - +0 quarterstaff
rCold   . . .      Faith    .    (shield currently unavailable)
rNeg    . . .      Spirit   .    (body armour unavailable)
rPois   .          Reflect  +    (helmet restricted)
rElec   .          Harm     .    (no cloak)
rCorr   .          Rampage  .    (no gloves)
Will    .....                    (no boots)
Stlth   ++                       e - amulet of reflection
HPRegen 0.25/turn                (no ring)
MPRegen 0.10/turn                (no ring)

@: no status effects
A: AC +5, unfitting armour, cold-blooded
a: no special abilities


You were on level 4 of the Dungeon.
You visited 1 branch of the dungeon, and saw 4 of its levels.

You collected 205 gold pieces.

Inventory:

Hand Weapons
 j - a +0 quarterstaff (weapon)
Jewellery
 b - an amulet of faith
 e - an amulet of reflection (around neck)
Scrolls
 f - a scroll of immolation
Potions
 a - a potion of resistance
 c - 3 potions of curing
 d - a potion of attraction
 g - a potion of lignification {unknown}
 h - a potion of invisibility {unknown}


   Skills:
 + Level 2.1 Dodging
 + Level 2.1 Stealth
 + Level 1.0 Unarmed Combat
 + Level 2.6 Spellcasting
 + Level 5.2 Conjurations


You had 5 spell levels left.
You knew the following spells:

 Your Spells              Type           Power      Damage    Failure   Level
a - Magic Dart            Conj           92%        1d7       1%          1
b - Searing Ray           Conj           46%        2d6       2%          2

Your spell library contained the following spells:

 Spells                   Type           Power      Damage    Failure   Level
 Dazzling Flash           Conj/Hex       26%        N/A       16%         3
 Hailstorm                Conj/Ice       13%        3d5       16%         3
 Fulminant Prism          Conj/Hex       6%         3d7       45%         4
 Iskenderun's Mystic Bla  Conj/Tloc      13%        2d5       45%         4
 Irradiate                Conj/Tmut      6%         3d13      80%         5
 Ice Form                 Ice/Tmut       2%         N/A       83%         4
 Blade Hands              Tmut           1%         N/A       99%         5
 Yara's Violent Unravell  Hex/Tmut       1%         3d3       99%         5
 Simulacrum               Ice/Necr       1%         N/A       100%        6
 Dragon Form              Tmut           1%         N/A       100%        7
 Enfeeble                 Hex            1%         N/A       100%        7


Dungeon Overview and Level Annotations

Branches:
Dungeon (4/15)
 Temple: D:4-7

Altars:
Cheibriados

Shops:
D:2 *


Innate Abilities, Weirdness & Mutations

Your plain brown scales are hard. (AC +5)
You cannot fit into any form of body armour.
You are cold-blooded and may be slowed by cold attacks.


Message History

The phantom hits you.
The phantom blinks!
You blink.
You hit the phantom.
The phantom is severely damaged.
The phantom closely misses you.
You barely miss the phantom.
The phantom is severely damaged.
The phantom hits you!
The phantom blinks!
You blink.
You hit the phantom.
The phantom is severely damaged.
The phantom misses you. You block the phantom's attack.
You closely miss the phantom.
The phantom is severely damaged.
The phantom barely misses you.
You barely miss the phantom.
The phantom is severely damaged.
The phantom closely misses you.
Okay, then.
You hit the phantom but do no damage.
The phantom is severely damaged.
The phantom barely misses you. The phantom hits you.
* * * LOW HITPOINT WARNING * * *
The phantom blinks!
You blink.
Found a stone staircase leading down.
You barely miss the phantom.
The phantom is severely damaged.
The phantom misses you.
You hit the phantom.
The phantom is severely damaged.
You block the phantom's attack.
You hit the phantom but do no damage. You tail-slap the phantom.
The phantom is severely damaged.
The phantom hits you!
* * * LOW HITPOINT WARNING * * *
The phantom blinks!
You blink.
You block the phantom's attack.
You hit the phantom.
Your tail-slap misses the phantom.
The phantom is almost destroyed.
You block the phantom's attack.
You miss the phantom.
The phantom is almost destroyed.
The phantom hits you.
You die...

#.##.#.##.# #
#.......#.# ..
#.##.#..#<#.
#.#.........#
#........#..#
#.#........##
#.##.#..#.##
#>..W...# #
####@#.##
#..............
..........#####
#######..##
#..# #..# #..#
#..#


You could see a phantom.

Vanquished Creatures
  Robin (D:2)
  2 adders (D:2)
  A worm (D:2)
  2 dart slugs
  An orc (D:3)
  7 ball pythons
  6 endoplasms
  2 giant cockroaches
  12 goblins
  9 hobgoblins
  4 jackals
  5 kobolds
  2 quokkas
  8 bats
  6 rats
68 creatures vanquished.

Notes
Turn   | Place    | Note
-------+----------+-------------------------------------------
     0 | D:1      | Barriton the Draconian Conjurer began the quest for the
                  | Orb.
     0 | D:1      | Reached XP level 1. HP: 14/14 MP: 3/3
    90 | D:1      | Reached XP level 2. HP: 20/20 MP: 1/5
    93 | D:1      | Learned a level 2 spell: Searing Ray
   735 | D:2      | Reached XP level 3. HP: 26/26 MP: 2/6
   834 | D:2      | Found a snail-covered altar of Cheibriados.
  1260 | D:2      | Reached skill level 5 in Conjurations
  1330 | D:2      | Found Ewkeuxte's Assorted Antiques.
  1681 | D:2      | Noticed Robin
  1702 | D:2      | Killed Robin
  1703 | D:2      | Reached XP level 4. HP: 5/33 MP: 2/7
  1926 | D:2      | Reached skill level 1 in Unarmed Combat
  2064 | D:3      | Identified the +2 flail of Demand {heavy, *Corrode rC++
                  | Dex+2 Stlth+}
  2348 | D:3      | Identified the -1 cloak of Yfuusmut {rC+ SInv}
  2488 | D:4      | Noticed a phantom
  2505 | D:4      | Slain by a phantom

Illustrated notes

Levels and vault maps discovered:
D:1:      mushboom_english_gardens, layout_rooms
D:2:      layout_basic, basic_altar, serial_shops, shop, uniq_robin
D:3:      layout_rooms, minivault_26
D:4:      layout_loops_ring, mainiacjoe_overflow_six_doors_small,
          grunt_temple_overflow_open

Skill      XL: |  1  2  3  4 |
---------------+-------------+-----
Dodging        | 2 |  2.1
Conjurations   | 5 |  5.2
Stealth        | 2 |  2.1
Unarmed Combat | 1 |  1.0
Spellcasting   | |  2.6

Action                     |  1- 3 |  4- 6 || total
---------------------------+-------+-------++-------
  Melee: Unarmed           |    35 |    15 ||    50
         Tailslap          |     5 |     4 ||     9
         Quarterstaff      |       |    12 ||    12
   Cast: Magic Dart        |    57 |    21 ||    78
         Searing Ray       |    14 |     4 ||    18
    Use: Scroll            |     2 |     6 ||     8
         Potion            |     1 |       ||     1
 Armour: Skin              |    19 |    11 ||    30
  Dodge: Dodged            |    36 |    19 ||    55
  Block: Other             |       |     6 ||     6

Table legend: (Time is in decaauts)
 A = Elapsed time spent in this place.
 B = Non-inter-level travel time spent in this place.
 C = Inter-level travel time spent in this place.
 D = Time resting spent in this place.
 E = Time spent auto-exploring this place.
 F = Levels seen in this place.
 G = Mean time per level.
                   A        B        C        D        E       F      G
               +--------+--------+--------+--------+--------+-----+--------+
         Total |   2509 |   2470 |     39 |      0 |   2146 |   4 |  627.2 |
       Dungeon |   2509 |   2470 |     39 |      0 |   2146 |   4 |  627.2 |
               +--------+--------+--------+--------+--------+-----+--------+

Top non-repeatable levels by time:
     D:2: 1292 daAuts
     D:1: 734 daAuts
     D:3: 462 daAuts
     D:4: 20 daAuts
